 Dungeon Crawl Stone Soup version 0.29-a0-490-g77b3608bb8 (webtiles) character file.

Game seed: 8646586855804758720

777 rabbitsville the Reanimator (level 7, -1/55 HPs)
             Began as a Deep Dwarf Necromancer on May 26, 2022.
             Slain by a water moccasin (3 damage)
             ... on level 5 of the Dungeon.
             The game lasted 00:18:01 (5167 turns).

rabbitsville the Reanimator (DDNe)                  Turns: 5167, Time: 00:18:02

Health: -1/55      AC:  6    Str: 13    XL:     7   Next: 54%
Magic:  3/10       EV: 12    Int: 18    God:
Gold:   183        SH:  0    Dex: 13    Spells: 6/10 levels left

rFire   . . .      SeeInvis +   m - +0 double sword
rCold   . . .      Faith    .   (no shield)
rNeg    . . .      Spirit   .   a - +0 robe
rPois   .          Reflect  .   x - +1 helmet of an ice cave {rElec Int+2 SInv Stlth-}
rElec   +          Harm     .   (no cloak)
rCorr   .          Rampage  .   i - +1 pair of gloves
Will    +....                   (no boots)
Stlth   ..........              (no amulet)
HPRegen 0.00/turn               (no ring)
MPRegen 0.12/turn               (no ring)

@: silenced
A: damage resistance, heal wounds, sense surroundings 1, no regeneration
a: Heal Wounds


You were on level 5 of the Dungeon.
You visited 2 branches of the dungeon, and saw 6 of its levels.

You collected 183 gold pieces.

Inventory:

Hand Weapons
 m - a +0 double sword (weapon)
 r - the +8 short sword "Jidotzie" {drain, rF+}
   (You took it off a kobold on level 2 of the Dungeon)

   A truly terrible weapon, it drains the life of any living foe it strikes.
   rF:        It protects you from fire.
Missiles
 k - a throwing net
Armour
 a - a +0 robe (worn)
 g - a +0 helmet
 i - a +1 pair of gloves (worn)
 x - the +1 helmet of an ice cave (worn) {rElec Int+2 SInv Stlth-}
   (You took it off Robin on level 3 of the Dungeon)

   Int:       It affects your intelligence (+2).
   rElec:     It insulates you from electricity.
   SInv:      It lets you see invisible.
   Stlth:     It makes you less stealthy.
Wands
 z - a wand of iceblast (1)
Scrolls
 s - a scroll of poison {unknown}
 t - a scroll of immolation {unknown}
 v - a scroll of acquirement {unknown}
 y - a scroll of vulnerability {unknown}
 A - a scroll of fog {unknown}
 C - a scroll of blinking {unknown}
 D - a scroll of identify {unknown}
Potions
 b - 2 potions of magic
 d - 3 potions of heal wounds
 e - 2 potions of haste {unknown}
 j - 4 potions of curing {unknown}
 l - a potion of invisibility {unknown}
 p - 2 potions of brilliance
 q - 2 potions of might {unknown}
 u - 2 potions of flight {unknown}
 w - a potion of attraction {unknown}
 B - a potion of mutation {unknown}


   Skills:
 + Level 4.2 Long Blades
 - Level 2.1 Dodging
 - Level 2.4 Stealth
 - Level 2.2 Spellcasting
 * Level 8.8 Necromancy


You had 6 spell levels left.
You knew the following spells:

 Your Spells              Type           Power      Damage    Failure   Level
a - Necrotize             Necr           100%       1d9       1%          1
b - Vampiric Draining     Necr           33%        2d8       1%          3

Your spell library contained the following spells:

 Spells                   Type           Power      Damage    Failure   Level
 Animate Dead             Necr           33%        N/A       4%          4
 Agony                    Necr           33%        N/A       13%         5
 Slow                     Hex            8%         N/A       19%         1
 Confusing Touch          Hex            2%         N/A       47%         3
 Gell's Gravitas          Tloc           2%         N/A       47%         3
 Lesser Beckoning         Tloc           2%         N/A       47%         3
 Teleport Other           Tloc           2%         N/A       47%         3


Dungeon Overview and Level Annotations

Branches:
Dungeon (5/15)             Temple (1/1) D:5

Altars:
Ashenzari
Cheibriados
Dithmenos
Elyvilon
Fedhas
Kikubaaqudgha
Nemelex Xobeh
Okawaru
Ru
Sif Muna
Uskayaw
Wu Jian
Yredelemnul
Zin
The Shining One

Shops:
D:1 (

Annotations:
D:1 1 transporter
D:5 Pikel


Innate Abilities, Weirdness & Mutations

You are resistant to damage.
You can heal yourself by infusing magical energy.
You passively map a small area around you.
You do not regenerate.


Message History

Pikel is lightly wounded.
The water moccasin barely misses you. x2; The lemure closely misses you.
Pikel barely misses you.
You hit Pikel.
Pikel is moderately wounded.
The water moccasin misses you.
A lemure comes into view.
The lemure hits you. x2; Pikel hits you but does no damage.
The water moccasin bites you but does no damage.
You slash Pikel!
Pikel is moderately wounded.
The water moccasin bites you! The lemure closely misses you.
The lemure misses you. The lemure closely misses you.
Pikel hits you with a +2 whip of flaming.
Pikel burns you. The water moccasin barely misses you. Pikel barely misses you.
The lemure closely misses you. The lemure hits you but does no damage.
The lemure barely misses you.
You closely miss Pikel.
Pikel is moderately wounded.
The water moccasin bites you but does no damage.
The lemure hits you but does no damage. The lemure hits you!
Pikel hits you with a +2 whip of flaming.
Pikel burns you. The lemure barely misses you.
The water moccasin bites you but does no damage.
You slash Pikel!
Pikel is heavily wounded.
The water moccasin barely misses you. The lemure hits you!
* * * LOW HITPOINT WARNING * * *
The lemure barely misses you. The lemure hits you!
* * * LOW HITPOINT WARNING * * *
Pikel barely misses you.
You barely miss Pikel. Your punch misses Pikel.
Pikel is heavily wounded.
The water moccasin completely misses you.
The lemure hits you but does no damage. The lemure barely misses you.
The lemure hits you but does no damage.
Pikel hits you with a +2 whip of flaming.
* * * LOW HITPOINT WARNING * * *
Pikel burns you. The water moccasin bites you!
You die...

,,,,,,,,,,,,,,,,,..#.#(#(##...#).
,,,,,,,>,,,,,,,,,..##(((##..###..
****######*******...#########....
#......#,,,,,,,................
#......#,,,,,,,................
#......#,,,,,,,................
####.....#**,,,**,..##...##......
...#.....####+########..[########
...#.......#...5@S..............,
...'...S...#...5K5..............,
.Sh.....h..#....5...............,
#.###.##o'####.###)###...##.....,
#.*,####.....#)##...######*.....,
..,,,,,#..o..#..5.).......+,....,
..,,,*##.....#)..........#*,....,
..,,*,#......#...........#*+*****
,_,*,#.......'............,,,,,,,


You could see Pikel, a water moccasin and 4 lemures.

Vanquished Creatures
  A black bear (D:4)
  An ogre (D:4)
  2 phantoms
  A howler monkey (D:5)
  Jessica (D:3)
  3 iguanas
  An orc wizard (D:5)
  Natasha (thrice) (D:3)
  Robin (D:3)
  A gnoll (D:1)
  8 adders
  2 ufetubi (D:5)
  12 orcs
  4 endoplasms
  3 giant cockroaches
  19 goblins
  17 hobgoblins
  A jackal (D:3)
  6 kobolds
  5 quokkas
  6 ball pythons
  8 bats
  7 rats
113 creatures vanquished.

Vanquished Creatures (collateral kills)
  An endoplasm (D:2)
  A jackal (D:3)
2 creatures vanquished.

Vanquished Creatures (others)
  A quokka (D:3)
  38 plants (D:3)
39 creatures vanquished.

Grand Total: 154 creatures vanquished

Notes
Turn   | Place    | Note
-------+----------+-------------------------------------------
     0 | D:1      | rabbitsville the Deep Dwarf Necromancer began the quest for
                  | the Orb.
     0 | D:1      | Reached XP level 1. HP: 15/15 MP: 3/3
   244 | D:1      | Found Yshir's Antique Weapon Emporium.
   294 | D:1      | Reached XP level 2. HP: 20/22 MP: 0/5
   322 | D:1      | Reached skill level 5 in Necromancy
   565 | D:1      | Reached XP level 3. HP: 24/28 MP: 3/6
  1598 | D:2      | Identified the +8 short sword "Jidotzie" {drain, rF+}
  1605 | D:2      | Found a faded altar of an unknown god.
  1690 | D:2      | Reached skill level 1 in Long Blades
  1690 | D:2      | Reached XP level 4. HP: 30/36 MP: 1/7
  2191 | D:3      | Found a shadowy altar of Dithmenos.
  2191 | D:3      | Found a glowing silver altar of Zin.
  2403 | D:3      | Found an iron altar of Okawaru.
  2456 | D:3      | Reached skill level 6 in Necromancy
  2513 | D:3      | Noticed Jessica
  2518 | D:3      | Killed Jessica
  2525 | D:3      | Noticed Natasha
  2531 | D:3      | Killed Natasha
  2532 | D:3      | Reached XP level 5. HP: 34/42 MP: 1/8
  2695 | D:3      | Learned a level 3 spell: Vampiric Draining
  2813 | D:3      | Noticed Natasha
  2820 | D:3      | Killed Natasha
  2906 | D:3      | Found a white marble altar of Elyvilon.
  3050 | D:3      | Identified the +1 helmet of an ice cave {rElec Int+2 SInv
                  | Stlth-}
  3050 | D:3      | Noticed Robin
  3059 | D:3      | Killed Robin
  3238 | D:3      | Found a glowing golden altar of the Shining One.
  3539 | D:3      | Noticed Natasha
  3549 | D:3      | Killed Natasha
  3550 | D:3      | Reached skill level 7 in Necromancy
  3799 | D:4      | Reached XP level 6. HP: 32/49 MP: 6/9
  4361 | D:4      | Reached skill level 8 in Necromancy
  4361 | D:4      | Reached XP level 7. HP: 21/55 MP: 2/10
  4653 | D:5      | Entered Level 5 of the Dungeon
  4667 | D:5      | Found a staircase to the Ecumenical Temple.
  4676 | Temple   | Entered the Ecumenical Temple
  4861 | D:5      | Found a hide-covered altar of Uskayaw.
  4861 | D:5      | Noticed a +0 spear
  4862 | D:5      | Noticed a +0 falchion
  4863 | D:5      | Noticed a +0 spear
  4863 | D:5      | Noticed a +0 short sword
  4877 | D:5      | Noticed a +0 dagger
  4877 | D:5      | Noticed a +0 falchion
  4878 | D:5      | Noticed a +0 dagger
  4880 | D:5      | Noticed a +0 short sword
  5145 | D:5      | Noticed Pikel
  5167 | D:5      | HP: 2/55 [Pikel/+2 whip of flaming (3)]
  5167 | D:5      | Slain by a water moccasin

Illustrated notes

Levels and vault maps discovered:
D:1:      spicycebolla_arrival_transporter_tutorial, layout_loops_ring,
          serial_shops, nicolae_shop_hallway_plus
D:2:      layout_loops_cross, ebering_ecumenical_altar_sacrificial,
          nicolae_elevator_lobby_plus
D:3:      layout_basic, elyvilon_altar_4, okawaru_gym_becter,
          gammafunk_temple_overflow_statue, nicolae_tso_swordbearing_angel,
          hangedman_decor_growths, minmay_misc_feat_tiny, kennysheep_boxes,
          uniq_jessica, uniq_natasha, uniq_robin
D:4:      layout_cave_pools
D:5:      layout_gridville, nicolae_uskayaw_en_pointe,
          nicolae_hepliaklqana_ecumenical_no_more, nicolae_vehumet_altar_sigil,
          minmay_temple_entry_junction, minmay_misc_feat_hallway,
          dk_noncrumbling_4, minmay_ruined_shrine, uniq_pikel
Temple:   nicolae_temple_figure_zero

Skill      XL: |  1  2  3  4  5  6  7 |
---------------+----------------------+-----
Spellcasting   | 2 |  2.2
Necromancy     | 5 6 7 8 |  8.8
Long Blades    | 1 2 3 4 |  4.2
Dodging        | |  2.1
Stealth        | |  2.4

Action                   |  1- 3 |  4- 6 |  7- 9 || total
-------------------------+-------+-------+-------++-------
Melee: Hand axe          |    17 |       |       ||    17
       Double sword      |     4 |    38 |    42 ||    84
       Spear             |     1 |       |       ||     1
       Punch             |       |     1 |       ||     1
 Cast: Necrotize         |    60 |    82 |       ||   142
       Vampiric Draining |       |    16 |    15 ||    31
  Use: Potion            |       |     1 |       ||     1
       Scroll            |       |       |     5 ||     5
Armor: Robe              |     7 |    15 |    26 ||    48
Dodge: Dodged            |    21 |    40 |    67 ||   128

Table legend: (Time is in decaauts)
 A = Elapsed time spent in this place.
 B = Non-inter-level travel time spent in this place.
 C = Inter-level travel time spent in this place.
 D = Time resting spent in this place.
 E = Time spent auto-exploring this place.
 F = Levels seen in this place.
 G = Mean time per level.
                   A        B        C        D        E       F      G
               +--------+--------+--------+--------+--------+-----+--------+
         Total |   5199 |   4989 |    210 |     20 |   4007 |   6 |  866.5 |
       Dungeon |   5066 |   4856 |    210 |     20 |   3896 |   5 | 1013.2 |
        Temple |    132 |    132 |      0 |      0 |    111 |   1 |  132.0 |
               +--------+--------+--------+--------+--------+-----+--------+

Top non-repeatable levels by time:
     D:3: 1605 daAuts
     D:2: 1113 daAuts
     D:1: 1043 daAuts
     D:4: 911 daAuts
     D:5: 393 daAuts
  Temple: 132 daAuts
